 Dungeon Crawl Stone Soup version 0.27-a0-1184-ge86db4a01e (webtiles) character file.

Game seed: 17259873246190223598

8 polve the Skirmisher (level 2, -1/24 HPs)
             Began as a Demonspawn Abyssal Knight on May 18, 2021.
             Was an Initiate of Lugonu.
             Slain by a kobold
             ... wielding a +0 short sword
              (2 damage)
             ... on level 1 of the Dungeon.
             The game lasted 00:00:41 (933 turns).

polve the Skirmisher (Demonspawn Abyssal Knight)     Turns: 933, Time: 00:00:42

Health: -1/24      AC:  6    Str: 12    XL:     2   Next: 0%
Magic:  3/3        EV:  8    Int: 13    God:    Lugonu [......]
Gold:   11         SH:  0    Dex: 12    Spells: 1/1 levels left

rFire    . . .     SeeInvis .   a - +1 short sword
rCold    . . .     Faith    .   (no shield)
rNeg     . . .     Spirit   .   g - +0 scale mail
rPois    .         Reflect  .   (no helmet)
rElec    .         Harm     .   (no cloak)
rCorr    .         Rampage  .   (no gloves)
Will     .....                  (no boots)
Stlth    ..........             (no amulet)
HPRegen  0.08/turn              (no ring)
MPRegen  0.08/turn              (no ring)

@: no status effects
A: powered by pain 1
a: Renounce Religion


You were on level 1 of the Dungeon.
You worshipped Lugonu.
Lugonu was noncommittal.
You visited 1 branch of the dungeon, and saw 1 of its levels.
You visited the Abyss 1 time.

You collected 11 gold pieces.

Inventory:

Hand Weapons
 a - a +1 short sword (weapon)
Armour
 g - a +0 scale mail (worn)
Scrolls
 c - 2 scrolls of identify {unknown}
 e - a scroll of teleportation {unknown}
 f - a scroll of acquirement {unknown}
Potions
 d - a potion of magic {unknown}


   Skills:
 - Level 3.0 Fighting
 * Level 2.5 Short Blades
 - Level 1.7 Armour
 - Level 0.8 Dodging
 - Level 2.4 Invocations


You had one spell level left.
You didn't know any spells.
Your spell library was empty.

Dungeon Overview and Level Annotations

Branches:
Dungeon (1/15)

Altars:


Innate Abilities, Weirdness & Mutations

You sometimes gain a little power by taking damage.


Message History

The kobold hits you but does no damage. The kobold barely misses you.
The kobold hits you with a +0 short sword.
The kobold completely misses you.
The kobold hits you with a +0 short sword.
The kobold hits you with a +0 short sword.
The kobold hits you with a +0 short sword.
The kobold hits you but does no damage.
The kobold hits you with a +0 short sword.
The kobold barely misses you. The kobold barely misses you.
The kobold hits you with a +0 short sword.
The kobold barely misses you. The kobold hits you but does no damage.
The kobold hits you but does no damage. The kobold closely misses you.
The kobold hits you but does no damage. The kobold barely misses you.
The kobold closely misses you. The kobold hits you but does no damage.
The kobold hits you but does no damage. The kobold hits you but does no damage.
The kobold hits you but does no damage. The kobold hits you but does no damage.
The kobold barely misses you. The kobold barely misses you.
The kobold hits you with a +0 short sword.
* * * LOW HITPOINT WARNING * * *
The kobold barely misses you.
The kobold hits you with a +0 short sword.
* * * LOW HITPOINT WARNING * * *
The kobold hits you with a +0 short sword.
* * * LOW HITPOINT WARNING * * *
The kobold hits you with a +0 short sword.
* * * LOW HITPOINT WARNING * * *
The kobold closely misses you.
The kobold hits you with a +0 short sword.
* * * LOW HITPOINT WARNING * * *
The kobold hits you with a +0 short sword.
You die...

..........#.#
#####.###.#.# #$# #
#.# #.#.# #.# #
##.###.#.# #.#
####......#.####.#
...####........#.#
......########.#.#
##.......## #.#.#
.####.....## #.#@#
....###....###..#K#
#.....##....##.###.#
###.........#### #..
..#######....# ##.
........##...# #
#####....#...#
....#....#...#
#...#....#...#


You could see a kobold.

Vanquished Creatures
  2 ball pythons (D:1)
  A giant cockroach (D:1)
  A goblin (D:1)
  A bat (D:1)
  A kobold (D:1)
  2 rats (D:1)
8 creatures vanquished.

Notes
Turn   | Place    | Note
-------+----------+-------------------------------------------
     0 | Abyss:1  | polve the Demonspawn Abyssal Knight began the quest for the
                  | Orb.
     0 | Abyss:1  | Reached XP level 1. HP: 18/18 MP: 2/2
     3 | Abyss:1  | Found a corrupted altar of Lugonu.
    35 | Abyss:1  | Noticed a blink frog
    43 | Abyss:1  | Noticed a shapeshifter
    43 | Abyss:1  | a blink frog changed into a shapeshifter
    44 | Abyss:1  | Noticed a yaktaur
    44 | Abyss:1  | a shapeshifter changed into a yaktaur
    45 | Abyss:1  | Noticed a redback
    45 | Abyss:1  | a yaktaur changed into a redback
    48 | D:1      | Escaped the Abyss
   814 | D:1      | Gained mutation: You sometimes gain a little power by
                  | taking damage. [demonic ancestry]
   814 | D:1      | Reached XP level 2. HP: 19/24 MP: 3/3
   932 | D:1      | HP: 1/24 [kobold/+0 short sword (1)]
   933 | D:1      | Slain by a kobold

Illustrated notes

Levels and vault maps discovered:
D:1:      dpeg_arrival_circle_labyrinth_c, layout_loops_ring

Skill      XL: |  1 |
---------------+----+-----
Short Blades   | 2 |  2.5
Fighting       | |  3.0
Armour         | |  1.7
Dodging        | |  0.8
Invocations    | |  2.4

Action                   || total
-------------------------++-------
Melee: Short sword       ||    36
Invok: Depart the Abyss  ||     1
Armor: Scale mail        ||    23
Dodge: Dodged            ||    36

Table legend: (Time is in decaauts)
 A = Elapsed time spent in this place.
 B = Non-inter-level travel time spent in this place.
 C = Inter-level travel time spent in this place.
 D = Time resting spent in this place.
 E = Time spent auto-exploring this place.
 F = Levels seen in this place.
 G = Mean time per level.
                   A        B        C        D        E       F      G
               +--------+--------+--------+--------+--------+-----+--------+
         Total |    932 |    932 |      0 |      0 |    803 |   2 |  466.0 |
       Dungeon |    884 |    884 |      0 |      0 |    768 |   1 |  884.0 |
         Abyss |     48 |     48 |      0 |      0 |     35 |   1 |   48.0 |
               +--------+--------+--------+--------+--------+-----+--------+

Top non-repeatable levels by time:
     D:1: 884 daAuts
 Abyss:1: 48 daAuts
